 Dungeon Crawl Stone Soup version 0.17-a0-633-gcf22183 (webtiles) character file.

4403 Magnus the Archer (level 10, -3/74 HPs)
             Began as a High Elf Hunter on Apr 17, 2015.
             Was a Follower of Okawaru.
             Slain by a manticore (10 damage)
             ... on level 8 of the Dungeon.
             The game lasted 00:49:19 (9630 turns).

Magnus the Archer (High Elf Hunter)                 Turns: 9630, Time: 00:49:19

Health: -3/74      AC:  9    Str: 18    XL:     10   Next: 14%
Magic:  9/11       EV: 24    Int: 16    God:    Okawaru [*.....]
Gold:   307        SH:  0    Dex: 19    Spells: 0 memorised, 9 levels left

rFire  . . .     SeeInvis .     a - +0 short sword
rCold  . . .     Clarity  .     G - +0 leather armour of Gehenna {Regen+ Slay+5} (curse)
rNeg   . . .     SustAb   .     (no shield)
rPois  .         Gourm    +     (no helmet)
rElec  .         Spirit   .     n - +0 cloak
rCorr  .         Warding  .     (no gloves)
rMut   .         Stasis   .     (no boots)
MR     +....                    l - amulet of the gourmand
Stlth  +++.......               (no ring)
                                (no ring)

@: mighty, heroism, manticore barbs, very slightly contaminated, invisible,
somewhat resistant to hostile enchantments, fairly stealthy
A: iridescent scales 1, shaggy fur 1, strong 1
a: Heroism, Renounce Religion


You were on level 8 of the Dungeon.
You worshipped Okawaru.
Okawaru was aware of your devotion.
You were not hungry.

You visited 2 branches of the dungeon, and saw 9 of its levels.

You collected 307 gold pieces.

Inventory:

Hand weapons
 a - a +0 short sword (weapon)
 b - a +1 shortbow
Armour
 d - a +0 leather armour
 n - a +0 cloak (worn)
 o - the +1 scale mail of Soamn {-Cast rPois Str+2 Int+3, unknown}
   (You found it on level 7 of the Dungeon)

   It affects your strength (+2).
   It affects your intelligence (+3).
   It protects you from poison.
   It prevents spellcasting.
 y - the +3 leather armour of Agnosticism {-Tele rPois rC- MR++}
   (You found it on level 6 of the Dungeon)

   It makes you vulnerable to cold.
   It protects you from poison.
   It affects your resistance to hostile enchantments.
   It prevents most forms of teleportation.
 G - the cursed +0 leather armour of Gehenna (worn) {Regen+ Slay+5}
   (You found it on level 7 of the Dungeon)

   It affects your accuracy and damage with ranged weapons and melee attacks
   (+5).
   It increases your rate of regeneration.
   It has a curse placed upon it.
Jewellery
 l - an amulet of the gourmand (around neck)
 x - a cursed ring of fire
Magical devices
 m - a wand of slowing (10)
 r - a wand of random effects (28)
 A - a wand of random effects (13)
Scrolls
 e - a scroll of blinking
 h - 2 scrolls of teleportation
 k - a scroll of amnesia
 p - 2 scrolls of remove curse
 s - a scroll of recharging
 t - 4 scrolls of identify
 C - a scroll of fear {unknown}
 E - 2 scrolls of fog {unknown}
Potions
 i - 5 potions of curing
 v - a potion of agility
 B - a potion of brilliance
Books
 q - a Grand Grimoire {highlevel, unknown}

   This book is beyond your current level of understanding.

   Spells                             Type                      Level
   a - Aura of Abjuration             Summoning                    6
   b - Summon Greater Demon           Summoning                    7
   c - Malign Gateway                 Summoning/Translocation      7
   d - Summon Horrible Things         Summoning                    8
 w - a book of Minor Magic

   Spells                             Type                      Level
   a - Magic Dart                     Conjuration                  1
   b - Blink                          Translocation                2
   c - Call Imp                       Summoning                    2
   d - Repel Missiles                 Charms/Air                   2
   e - Slow                           Hexes                        2
   f - Conjure Flame                  Conjuration/Fire             3
   g - Mephitic Cloud                 Conjuration/Poison/Air       3
Comestibles
 f - 12 bread rations
 g - 4 meat rations
 D - 6 beef jerkies
 F - 3 fruits


   Skills:
 + Level 9.0(14.0) Fighting
 + Level 11.9(16.9) Bows
 + Level 9.6(14.6) Dodging
 - Level 1.1(6.1) Stealth


You had 9 spell levels left.
You didn't know any spells.

Dungeon Overview and Level Annotations

Branches:
Dungeon (8/15)             Temple (1/1) D:7            Lair (0/8) D:8

Altars:
Ashenzari
Cheibriados
Dithmenos
Elyvilon
Fedhas
Gozag
Kikubaaqudgha
Makhleb
Nemelex Xobeh
Okawaru
Qazlal
Ru
Sif Muna
Trog
Yredelemnul


Innate Abilities, Weirdness & Mutations

You are partially covered in iridescent scales (AC +4).
You are covered in fur (AC +1).
Your muscles are strong. (Str +2)


Message History

The manticore claws you.
* * * LOW HITPOINT WARNING * * *
The manticore barely misses you.
Drink which item? (? for menu, Esc to quit)
You fade into invisibility!
The manticore closely misses you. The manticore misses you.
The manticore misses you.
You are very lightly contaminated with residual magic.
You barely miss the manticore.
The manticore is lightly wounded.
The manticore misses you. x2
The manticore claws you but does no damage.
You puncture the manticore!
The manticore is moderately wounded.
The manticore closely misses you. The manticore completely misses you.
The manticore misses you.
You hit the manticore.
The manticore is moderately wounded.
The manticore bites you!
You die...

####### ######## #.....#
.......# #.....# .#####.#
#.....# .# #.# #.....# .#
#.# #...<.# .### #.#
###....@###.# ...#
#.###.#.....H...# ##.#
#.....#.....####### .#.#
#####.#.....##....# #####
...# #.#.....#####.# #...#
...# #.#####.# #...####.#.#
##.# #.......# #.####...#.#
...#######.#####.#
#.#....###<#
##.......#.#########.#.#..#
#.#


You could see a manticore.

Vanquished Creatures
  Grinder (D:4)
  A hungry ghost (D:7)
  A wyvern (D:7)
  The ghost of namelastname112 the Caller, an average DrSu of Sif Muna (D:4)
  Menkaure (D:4)
  A black bear (D:7)
  2 sky beasts
  3 ogres
  2 orc warriors (D:8)
  4 phantoms
  A centaur (D:5)
  A big kobold (D:8)
  A crocodile (D:8)
  A gnoll sergeant (D:5)
  Dowan (D:6)
  2 giant frogs
  A scorpion (D:3)
  A water moccasin skeleton (D:6)
  9 wights (D:8)
  5 killer bees
  2 centaur zombies
  3 crimson imps
  5 hounds
  2 centaur skeletons
  7 orc wizards
  A jelly (D:5)
  A giant frog zombie (D:6)
  Crazy Yiuf (D:2)
  3 giant frog skeletons
  7 orc priests
  Terence (D:2)
  2 worker ants
  A killer bee zombie (D:6)
  A hound skeleton (D:5)
  A worker ant zombie (D:7)
  9 gnolls
  6 adders
  A river rat (D:8)
  A shadow imp (D:7)
  2 oozes
  An adder skeleton (D:6)
  An adder zombie (D:5)
  3 worms
  7 giant geckos
  36 orcs
  A ball python (D:1)
  22 bats
  3 bat skeletons
  A bat zombie (D:7)
  7 giant cockroaches
  13 hobgoblins
  14 jackals
  16 kobolds
  A ball python skeleton (D:4)
  2 giant newts
  17 goblins
  3 quokkas
  8 rats
  A fungus (D:8)
  2 plants (D:8)
256 creatures vanquished.

Vanquished Creatures (others)
  Duvessa (D:6)
  3 fungi (D:8)
4 creatures vanquished.

Grand Total: 260 creatures vanquished

Notes
Turn   | Place    | Note
--------------------------------------------------------------
     0 | D:1      | Magnus, the High Elf Hunter, began the quest for the Orb.
     0 | D:1      | Reached XP level 1. HP: 14/14 MP: 2/2
   100 | D:1      | Reached XP level 2. HP: 19/19 MP: 3/3
   648 | D:1      | Reached XP level 3. HP: 25/25 MP: 4/4
   769 | D:2      | Reached skill level 6 in Bows
   953 | D:2      | Noticed Crazy Yiuf
   965 | D:2      | Killed Crazy Yiuf
   965 | D:2      | Reached XP level 4. HP: 30/30 MP: 5/5
  1011 | D:2      | Noticed Terence
  1020 | D:2      | Killed Terence
  1134 | D:2      | Found a basalt altar of Yredelemnul.
  1415 | D:2      | Found a sparkling altar of Nemelex Xobeh.
  1719 | D:3      | Reached XP level 5. HP: 36/36 MP: 6/6
  2031 | D:3      | Found a bloodstained altar of Trog.
  2450 | D:4      | Reached skill level 7 in Bows
  2612 | D:4      | Noticed a phantom
  2623 | D:4      | Killed a phantom
  2623 | D:4      | Reached XP level 6. HP: 33/43 MP: 7/7
  3035 | D:4      | Noticed namelastname112's ghost (average DrSu)
  3070 | D:3      | Reached skill level 5 in Dodging
  3187 | D:4      | Noticed Menkaure
  3204 | D:4      | Killed Menkaure
  3204 | D:4      | Reached XP level 7. HP: 47/49 MP: 8/8
  3304 | D:4      | Reached skill level 5 in Fighting
  3316 | D:4      | Reached skill level 8 in Bows
  3618 | D:4      | Killed namelastname112's ghost
  3819 | D:4      | Noticed a phantom
  3835 | D:4      | Killed a phantom
  3932 | D:4      | Noticed Grinder
  3939 | D:4      | Paralysed by Grinder for 2 turns
  3947 | D:4      | Killed Grinder
  3947 | D:4      | Reached skill level 9 in Bows
  3947 | D:4      | Reached XP level 8. HP: 50/57 MP: 9/9
  4128 | D:5      | Entered Level 5 of the Dungeon
  4305 | D:5      | Found a shadowy altar of Dithmenos.
  5900 | D:5      | Reached skill level 10 in Bows
  6142 | D:6      | Noticed Duvessa
  6142 | D:6      | Noticed Dowan
  6149 | D:6      | Killed Duvessa
  6155 | D:6      | Killed Dowan
  6266 | D:6      | Got an ancient leather armour
  6267 | D:6      | Identified the +3 leather armour of Agnosticism {-Tele rPois rC- MR++} (You found it on level 6 of the Dungeon)
  6269 | D:6      | Found a bloodstained altar of Trog.
  6307 | D:6      | Reached XP level 9. HP: 60/64 MP: 10/10
  7268 | D:6      | You fall through a shaft!
  7543 | D:7      | Got an ichor-stained scale mail
  7564 | D:7      | Found a bloodstained altar of Trog.
  7629 | D:7      | Gained mutation: Your muscles are strong. (Str +2) [potion of mutation]
  7629 | D:7      | Gained mutation: You are partially covered in iridescent scales (AC +4). [potion of mutation]
  7629 | D:7      | Gained mutation: You are covered in fur (AC +1). [potion of mutation]
  7646 | D:7      | Reached skill level 11 in Bows
  8095 | D:7      | Got a twisted leather armour
  8096 | D:7      | Identified the cursed +0 leather armour of Gehenna {Regen+ Slay+5} (You found it on level 7 of the Dungeon)
  8412 | D:7      | Found a staircase to the Ecumenical Temple.
  8431 | Temple   | Entered the Ecumenical Temple
  8551 | Temple   | Became a worshipper of Warmaster Okawaru
  9187 | D:8      | Found a staircase to the Lair.
  9254 | D:8      | Reached XP level 10. HP: 73/73 MP: 11/11
  9385 | D:8      | Acquired Okawaru's first power
  9399 | D:8      | Found a snail-covered altar of Cheibriados.
  9623 | D:8      | Noticed a manticore
  9630 | D:8      | Slain by a manticore

Action                   |  1- 3 |  4- 6 |  7- 9 | 10-12 || total
-------------------------+-------+-------+-------+-------++-------
Melee: Shortbow          |       |       |    42 |    69 ||   111
       Short sword       |       |       |    28 |    63 ||    91
 Fire: Shortbow          |   107 |   226 |   622 |    54 ||  1009
Invok: Heroism           |       |       |       |     1 ||     1
  Use: Scroll            |       |       |    12 |       ||    12
       Potion            |       |       |    12 |     2 ||    14
 Stab: Sleeping          |       |       |     1 |       ||     1
  Eat: Chunk             |       |     3 |    10 |       ||    13
       Fruit             |       |     3 |     1 |       ||     4
       Royal jelly       |       |       |     1 |       ||     1
       Meat ration       |       |       |     1 |       ||     1
       Beef jerky        |       |       |     1 |       ||     1
       Bread ration      |       |       |       |     1 ||     1
